 Dungeon Crawl Stone Soup version 0.19-a0-680-gdf79c29 (webtiles) character file.

9 Laan the Magician (level 2, 0/19 HPs)
             Began as a Mummy Wizard on June 17, 2016.
             Slain by a jackal (1 damage)
             ... on level 1 of the Dungeon.
             The game lasted 00:01:07 (490 turns).

Laan the Magician (Mummy Wizard)                     Turns: 490, Time: 00:01:07

Health: 0/19       AC:  2    Str: 10    XL:     2   Next: 6%
Magic:  0/6        EV: 12    Int: 17    God:
Gold:   0          SH:  0    Dex: 10    Spells: 1 memorised, 6 levels left

rFire  x . .     SeeInvis .     (no weapon)
rCold  + . .     Gourm    .     a - +0 robe
rNeg   + + +     Faith    .     (no shield)
rPois  ∞         Spirit   .     b - +0 hat
rElec  .         Dismiss  .     (no cloak)
rCorr  .         Reflect  .     (no gloves)
SustAt .         Harm     .     (no boots)
MR     .....                    (no amulet)
Stlth  ++........               (no ring)
                                (no ring)

@: very slightly contaminated, not resistant to hostile enchantments, unstealthy
A: no food or potions, fire vulnerability, cold resistance 1, negative energy
resistance 3, torment resistance, unbreathing
a: no special abilities


You were on level 1 of the Dungeon.
You were not hungry.

You visited 1 branch of the dungeon, and saw 1 of its levels.

Inventory:

Armour
 a - a +0 robe (worn)
 b - a +0 hat (worn)
Scrolls
 d - a scroll of teleportation {unknown}
Books
 c - a book of Minor Magic

   Spells                             Type                      Level
   a - Magic Dart                     Conjuration                  1
   b - Blink                          Translocation                2
   c - Call Imp                       Summoning                    2
   d - Repel Missiles                 Charms/Air                   2
   e - Slow                           Hexes                        2
   f - Conjure Flame                  Conjuration/Fire             3
   g - Mephitic Cloud                 Conjuration/Poison/Air       3


   Skills:
 - Level 1.5 Dodging
 - Level 1.5 Stealth
 - Level 3.0 Spellcasting
 + Level 1.7 Conjurations
   Level 0.7 Summonings
   Level 0.7 Translocations


You had 6 spell levels left.
You knew the following spells:

 Your Spells              Type           Power        Failure   Level  Hunger
a - Magic Dart            Conj           #...         12%         1    N/A

Dungeon Overview and Level Annotations

Branches:
Dungeon (1/15)

Altars:


Innate Abilities, Weirdness & Mutations

You do not eat or drink.
Your flesh is vulnerable to fire.
You are immune to poison.
Your flesh is cold resistant. (rC+)
You are immune to negative energy. (rN+++)
You are immune to unholy pain and torment.
You can survive without breathing.


Message History

The jackal bites the bush but does no damage.
The jackal bites you.
* * * LOW HITPOINT WARNING * * *
The jackal misses you.
You barely miss the jackal.
The jackal is heavily wounded.
The jackal bites the bush but does no damage.
The jackal bites you but does no damage. x2
The jackal bites the bush but does no damage.
You closely miss the jackal.
The jackal is heavily wounded.
The jackal closely misses you.
The jackal bites you but does no damage.
The jackal bites the bush but does no damage.
The jackal barely misses you. The jackal bites you.
* * * LOW HITPOINT WARNING * * *
You closely miss the jackal.
The jackal is heavily wounded.
The jackal bites the bush.
The jackal bites you.
You die...

... ###...#..)....#
######.######.............#
#≈≈≈≈♣.♣≈≈≈≈#......##.#####
#≈...♣†♣...≈#......##.#
#≈.P.....P.≈##.....##.####
#≈PPP...PPP≈##...........#
.#♣.P.....P.♣#.........)..#
.....!.<.hhh≈..#####......#
##♣(..[...♣@♣#.# #......#
#≈......♣♣♣≈#.# #......#
#≈.......♣ ≈#.# ########
#≈≈≈≈♣.♣≈≈≈≈#.#
######.######)# #.(.(.(..#
##########


You could see 3 jackals.

Vanquished Creatures
  A dart slug (D:1)
  A giant cockroach (D:1)
  3 goblins (D:1)
  A kobold (D:1)
  A rat (D:1)
7 creatures vanquished.

Vanquished Creatures (others)
  5 toadstools (D:1)
5 creatures vanquished.

Grand Total: 12 creatures vanquished

Notes
Turn   | Place    | Note
--------------------------------------------------------------
     0 | D:1      | Laan the Mummy Wizard began the quest for the Orb.
     0 | D:1      | Reached XP level 1. HP: 13/13 MP: 4/4
    27 | D:1      | Reached skill level 1 in Conjurations
   362 | D:1      | Reached XP level 2. HP: 13/19 MP: 1/6
   490 | D:1      | Slain by a jackal

Vault maps used:
D:1:      ldierk_walled_garden, minmay_crystal_water

Skill      XL: |  1 |
---------------+----+-----
Conjurations   | 1 |  1.7
Dodging        | |  1.5
Stealth        | |  1.5
Spellcasting   | |  3.0
Summonings     | |  0.7
Translocations | |  0.7

Action                   || total
-------------------------++-------
Melee: Unarmed           ||    31
 Cast: Magic Dart        ||    15
Armor: Robe              ||    17
Dodge: Dodged            ||    35
